AAA
HONOLULU THUNDERSHARKS @ VICTORIA HARBOURCATS
05/25/2052
 
TOP OF THE 1ST
Tucson Sidewinders batting - Pitching for Sacramento River Cats : RHP Aryan Gullion
Pitching: RHP Aryan Gullion
Batting: RHB Bruce Biddulph 0-0: Called Strike
0-1: Ball
1-1: Ball
2-1: Fly out, F3 (Popup, 3S, EV 80.6 MPH)
Batting: RHB Erwin Strandlund 0-0: Ball
1-0: Fly out, F8 (Line Drive, 8LM, EV 85.6 MPH)
Batting: RHB Gaius Raton 0-0: Ball
1-0: Called Strike
1-1: Foul Ball, location: 2F
1-2: Foul Ball, location: 7LSF
1-2: SINGLE (Groundball, 34S, EV 61.9 MPH) (infield hit)
Batting: LHB P.T. Bailey 0-0: Ball
1-0: Ground out U3 (Groundball, 3L, EV 103.8 MPH)
Top of the 1st over - 0 runs, 1 hit, 0 errors, 1 left on base; Tucson 0 - Sacramento 0
BOTTOM OF THE 1ST
Sacramento River Cats batting - Pitching for Tucson Sidewinders : LHP Evan Kelly
Pitching: LHP Evan Kelly
Batting: RHB Loys Esparza 0-0: Ball
1-0: Ball
2-0: Ball
3-0: Base on Balls
Batting: RHB Jack Montemayor 0-0: 2-RUN HOME RUN (Flyball, 78XD, EV 96.9 MPH), Distance : 380 ft
Batting: RHB Isiah Alvarado 0-0: Ball
1-0: Ball
2-0: Called Strike
2-1: Foul Ball, location: 5SF
2-2: SINGLE (Line Drive, 9LS, EV 92.5 MPH)
Batting: RHB Ebris Pérez 0-0: Called Strike
0-1: DOUBLE (Flyball, 89XD, EV 110.6 MPH)
Isiah Alvarado to third
Batting: RHB Lyman Boyd 0-0: Foul Ball, location: 3DF
0-1: Foul Ball, location: 2F
0-2: Ball
1-2: Strikes out swinging
Batting: RHB Aryan Christopherson 0-0: Called Strike
0-1: Ball
1-1: Ball
2-1: Swinging Strike
2-2: Ground out 5-3 (Groundball, 56S, EV 93.8 MPH)
Batting: RHB Hayden Gibbon 0-0: Called Strike
0-1: Foul Ball, location: 2F
0-2: Strikes out swinging
Bottom of the 1st over - 2 runs, 3 hits, 0 errors, 2 left on base; Tucson 0 - Sacramento 2
TOP OF THE 2ND
Tucson Sidewinders batting - Pitching for Sacramento River Cats : RHP Aryan Gullion
Batting: SHB E.J. Lunsford 0-0: Swinging Strike
0-1: Called Strike
0-2: Ball
1-2: Ball
2-2: SOLO HOME RUN (Line Drive, 7D, EV 96.3 MPH), Distance : 357 ft
Batting: LHB Garrett Capshaw 0-0: Swinging Strike
0-1: Foul Ball, location: 25FF
0-2: Ball
1-2: Ball
2-2: Ball
3-2: Fly out, F9 (Flyball, 9, EV 80.6 MPH)
Batting: RHB Duncan Hancock 0-0: Ball
1-0: Ball
2-0: Foul Ball, location: 2F
2-1: Foul Ball, location: 5SF
2-2: Ball
3-2: Foul Ball, location: 2F
3-2: Fly out, F9 (Flyball, 89M, EV 90.0 MPH)
Batting: RHB Angus Marvin 0-0: Foul Ball, location: 2F
0-1: Ball
1-1: Ground out U3 (Groundball, 34S, EV 86.3 MPH)
Top of the 2nd over - 1 run, 1 hit, 0 errors, 0 left on base; Tucson 1 - Sacramento 2
BOTTOM OF THE 2ND
Sacramento River Cats batting - Pitching for Tucson Sidewinders : LHP Evan Kelly
Batting: RHB Liam Zhiranovsky 0-0: Called Strike
0-1: Foul Ball, location: 23F
0-2: Ball
1-2: DOUBLE (Line Drive, 7LM, EV 106.9 MPH)
Batting: LHB Nicholas Thompson 0-0: Swinging Strike
0-1: Swinging Strike
0-2: Ball
1-2: Strikes out looking
Batting: RHB Loys Esparza 0-0: Ball
1-0: SINGLE (Groundball, 6MS, EV 70.0 MPH) (infield hit)
Liam Zhiranovsky to third
Batting: RHB Jack Montemayor 0-0: Ball
Wild Pitch!
Liam Zhiranovsky scores
Loys Esparza to second
1-0: Ball
2-0: Fly out, F8 (Flyball, 8LXD, EV 93.8 MPH)
Runner from 2nd tags up, SAFE at 3rd, no throw by CF
Batting: RHB Isiah Alvarado 0-0: Ball
1-0: Ball
2-0: Ball
3-0: Called Strike
3-1: Ground out 4-3 (Groundball, 34, EV 100.0 MPH)
Bottom of the 2nd over - 1 run, 2 hits, 0 errors, 1 left on base; Tucson 1 - Sacramento 3
TOP OF THE 3RD
Tucson Sidewinders batting - Pitching for Sacramento River Cats : RHP Aryan Gullion
Batting: RHB Bobby Illsley 0-0: Called Strike
0-1: Foul Ball, location: 9LSF
0-2: Ball
1-2: Ball
2-2: Ball
3-2: Fly out, F9 (Flyball, 89M, EV 90.0 MPH)
Batting: RHB Bruce Biddulph 0-0: Swinging Strike
0-1: Ball
1-1: Called Strike
1-2: Ground out 5-3 (Groundball, 56, EV 103.8 MPH)
Batting: RHB Erwin Strandlund 0-0: Called Strike
0-1: Called Strike
0-2: Ball
1-2: Ball
2-2: Ball
3-2: Strikes out swinging
Top of the 3rd over - 0 runs, 0 hits, 0 errors, 0 left on base; Tucson 1 - Sacramento 3
BOTTOM OF THE 3RD
Sacramento River Cats batting - Pitching for Tucson Sidewinders : LHP Evan Kelly
Batting: RHB Ebris Pérez 0-0: Fly out, F3 (Popup, 3DF, EV 62.5 MPH)
Batting: RHB Lyman Boyd 0-0: Foul Ball, location: 2F
0-1: Called Strike
0-2: DOUBLE (Flyball, 8LXD, EV 107.5 MPH)
Batting: RHB Aryan Christopherson 0-0: Ball
1-0: Ball
2-0: Called Strike
2-1: Foul Ball, location: 2F
2-2: Strikes out swinging
Batting: RHB Hayden Gibbon 0-0: Swinging Strike
0-1: Foul Ball, location: 9LDF
0-2: Ball
1-2: Ball
2-2: Ball
Wild Pitch!
Lyman Boyd to third
3-2: Ground out 4-3 (Groundball, 4M, EV 103.8 MPH)
Bottom of the 3rd over - 0 runs, 1 hit, 0 errors, 1 left on base; Tucson 1 - Sacramento 3
TOP OF THE 4TH
Tucson Sidewinders batting - Pitching for Sacramento River Cats : RHP Aryan Gullion
Batting: RHB Gaius Raton 0-0: Ball
1-0: Called Strike
1-1: Swinging Strike
1-2: Ball
2-2: Ball
3-2: Fly out, F7 (Flyball, 78D, EV 98.8 MPH)
Batting: LHB P.T. Bailey 0-0: Ball
1-0: Called Strike
1-1: Foul Ball, location: 5DF
1-2: Ball
2-2: Strikes out swinging
Batting: SHB E.J. Lunsford 0-0: Ball
1-0: Called Strike
1-1: Swinging Strike
1-2: Ball
2-2: Strikes out swinging, 2-3 out at first.
Top of the 4th over - 0 runs, 0 hits, 0 errors, 0 left on base; Tucson 1 - Sacramento 3
BOTTOM OF THE 4TH
Sacramento River Cats batting - Pitching for Tucson Sidewinders : LHP Evan Kelly
Batting: RHB Liam Zhiranovsky 0-0: Called Strike
0-1: Ball
1-1: Called Strike
1-2: Strikes out looking
Batting: LHB Nicholas Thompson 0-0: Foul Ball, location: 7LMF
0-1: Fly out, F9 (Line Drive, 9LM, EV 90.0 MPH)
Batting: RHB Loys Esparza 0-0: Foul Ball, location: 5FF
0-1: Foul Ball, location: 9LSF
0-2: Ball
1-2: Ball
2-2: Ground out 6-3 (Groundball, 56, EV 85.6 MPH)
Bottom of the 4th over - 0 runs, 0 hits, 0 errors, 0 left on base; Tucson 1 - Sacramento 3
TOP OF THE 5TH
Tucson Sidewinders batting - Pitching for Sacramento River Cats : RHP Aryan Gullion
Batting: LHB Garrett Capshaw 0-0: Called Strike
0-1: Swinging Strike
0-2: Fly out, F8 (Line Drive, 8RM, EV 91.3 MPH)
Batting: RHB Duncan Hancock 0-0: Foul Ball, location: 2F
0-1: Ball
1-1: Called Strike
1-2: Foul Ball, location: 9LSF
1-2: Strikes out swinging
Batting: RHB Angus Marvin 0-0: Called Strike
0-1: Ground out 4-3 (Groundball, 4, EV 101.3 MPH)
Top of the 5th over - 0 runs, 0 hits, 0 errors, 0 left on base; Tucson 1 - Sacramento 3
BOTTOM OF THE 5TH
Sacramento River Cats batting - Pitching for Tucson Sidewinders : LHP Evan Kelly
Batting: RHB Jack Montemayor 0-0: Ball
1-0: Foul Ball, location: 2F
1-1: Ground out 1-3 (Groundball, 15S, EV 66.9 MPH)
Batting: RHB Isiah Alvarado 0-0: Called Strike
0-1: Ground out 6-3 (Groundball, 56, EV 106.9 MPH)
Batting: RHB Ebris Pérez 0-0: Called Strike
0-1: Swinging Strike
0-2: Strikes out swinging
Bottom of the 5th over - 0 runs, 0 hits, 0 errors, 0 left on base; Tucson 1 - Sacramento 3
TOP OF THE 6TH
Tucson Sidewinders batting - Pitching for Sacramento River Cats : RHP Aryan Gullion
Batting: RHB Bobby Illsley 0-0: Ground out 6-3 (Groundball, 6, EV 79.4 MPH)
Batting: RHB Bruce Biddulph 0-0: Ball
1-0: Ball
2-0: Called Strike
2-1: Ball
3-1: Foul Ball, location: 2F
3-2: Foul Ball, location: 2F
3-2: Foul Ball, location: 2F
3-2: Foul Ball, location: 2F
3-2: Base on Balls
Batting: RHB Erwin Strandlund 0-0: Ball
1-0: Foul Ball, location: 5FF
1-1: Ball
Wild Pitch!
Bruce Biddulph to second
2-1: SINGLE (Line Drive, 56D, EV 95.6 MPH)
Bruce Biddulph to third
Runner from 3rd tries for Home, SAFE, throw by LF to home
Pitching: RHP Terciero Batista
Batting: RHB Gaius Raton 0-0: Ball
1-0: Ball
2-0: Ball
3-0: Base on Balls
Erwin Strandlund to second
Pitching: LHP Michael Wilson-Brown
Batting: LHB P.T. Bailey 0-0: Ball
1-0: Foul Ball, location: 9LDF
1-1: Called Strike
1-2: Ball
2-2: Ball
3-2: Foul Ball, location: 2F
3-2: Foul Ball, location: 7LDF
3-2: SINGLE (Line Drive, 7S, EV 88.1 MPH)
Erwin Strandlund to third
Gaius Raton to second
Pitching: RHP Matis Lorique
Batting: SHB E.J. Lunsford 0-0: Swinging Strike
0-1: Called Strike
0-2: Foul Ball, location: 7LDF
0-2: Ball
1-2: Strikes out swinging
Batting: LHB Garrett Capshaw 0-0: Called Strike
0-1: Swinging Strike
0-2: SINGLE (Line Drive, 4MD, EV 106.3 MPH)
Erwin Strandlund scores
Gaius Raton to third
P.T. Bailey to second
Runner from 3rd tries for Home, SAFE, throw by CF to home
Batting: RHB Duncan Hancock 0-0: Called Strike
0-1: Hit by Pitch
P.T. Bailey to third
Garrett Capshaw to second
Batting: RHB Angus Marvin 0-0: Ball
1-0: Foul Ball, location: 9LDF
1-1: Swinging Strike
1-2: Ball
2-2: Strikes out swinging
Top of the 6th over - 3 runs, 3 hits, 0 errors, 3 left on base; Tucson 4 - Sacramento 3
BOTTOM OF THE 6TH
Sacramento River Cats batting - Pitching for Tucson Sidewinders : LHP Evan Kelly
Batting: RHB Lyman Boyd 0-0: Ball
1-0: Ball
2-0: Swinging Strike
2-1: Ball
3-1: Ground out 6-3 (Groundball, 56, EV 90.0 MPH)
Batting: RHB Aryan Christopherson 0-0: Called Strike
0-1: Ball
1-1: Ground out 6-3 (Groundball, 6, EV 99.4 MPH)
Batting: RHB Hayden Gibbon 0-0: Foul Ball, location: 2F
0-1: Swinging Strike
0-2: Foul Ball, location: 2F
0-2: Foul Ball, location: 2F
0-2: Ball
1-2: Foul Ball, location: 2F
1-2: Ball
2-2: DOUBLE (Line Drive, 89D, EV 107.5 MPH)
Pitching: RHP Stan Wakefield
Batting: RHB Liam Zhiranovsky 0-0: Called Strike
0-1: Fly out, F9 (Flyball, 9S, EV 87.5 MPH)
Bottom of the 6th over - 0 runs, 1 hit, 0 errors, 1 left on base; Tucson 4 - Sacramento 3
TOP OF THE 7TH
Tucson Sidewinders batting - Pitching for Sacramento River Cats : RHP Matis Lorique
Batting: RHB Bobby Illsley 0-0: Called Strike
0-1: Ball
1-1: Hit by Pitch
Batting: RHB Bruce Biddulph 0-0: Foul Ball, location: 2F
0-1: Bunted foul
0-2: Ball
1-2: Foul Ball, location: 3SF
1-2: Ball
2-2: Fly out, F9 (Flyball, 89D, EV 101.3 MPH)
Batting: RHB Erwin Strandlund 0-0: Called Strike
0-1: Ball
1-1: Ball
2-1: Ball
3-1: Fly out, F7 (Line Drive, 7, EV 90.6 MPH)
Batting: RHB Gaius Raton 0-0: Ball
Wild Pitch!
Bobby Illsley to second
1-0: Called Strike
1-1: Swinging Strike
1-2: Ground out 4-3 (Groundball, 4S, EV 70.0 MPH)
Top of the 7th over - 0 runs, 0 hits, 0 errors, 1 left on base; Tucson 4 - Sacramento 3
BOTTOM OF THE 7TH
Sacramento River Cats batting - Pitching for Tucson Sidewinders : RHP Stan Wakefield
Batting: LHB Nicholas Thompson 0-0: Ball
1-0: Called Strike
1-1: Swinging Strike
1-2: SINGLE (Line Drive, 78S, EV 91.3 MPH)
Pinch Hitting: SHB James Lan 0-0: Bunted foul
0-1: Ball
1-1: Sac Bunt to P - play at first, batter OUT! 1-3
Nicholas Thompson to second
Batting: RHB Jack Montemayor 0-0: Foul Ball, location: 9LMF
0-1: Swinging Strike
0-2: Ball
1-2: Strikes out looking
Batting: RHB Isiah Alvarado 0-0: Ball
1-0: Swinging Strike
1-1: Swinging Strike
1-2: Ball
2-2: Ball
3-2: Strikes out swinging
Bottom of the 7th over - 0 runs, 1 hit, 0 errors, 1 left on base; Tucson 4 - Sacramento 3
TOP OF THE 8TH
Tucson Sidewinders batting - Pitching for Sacramento River Cats : RHP Matis Lorique
Pitching: LHP Archer Agueda
Now at SS: James Lan
Now in RF: Nicholas Thompson
Batting: LHB P.T. Bailey 0-0: Called Strike
0-1: Swinging Strike
0-2: Ball
1-2: Foul Ball, location: 5F
1-2: Ball
2-2: Foul Ball, location: 2F
2-2: Ground out 4-3 (Groundball, 4, EV 80.6 MPH)
Batting: SHB E.J. Lunsford 0-0: Swinging Strike
0-1: Ball
1-1: Foul Ball, location: 5F
1-2: Hit by Pitch
Batting: LHB Garrett Capshaw 0-0: Swinging Strike
0-1: Ball
1-1: Foul Ball, location: 25F
1-2: Ball
2-2: Ball
3-2: SINGLE (Groundball, 23, EV 65.6 MPH) (infield hit)
E.J. Lunsford to second
Pinch Runner at 2nd Theodore Rencher:
Batting: RHB Duncan Hancock 0-0: Called Strike
0-1: Foul Ball, location: 2F
0-2: Ball
1-2: Foul Ball, location: 3SF
1-2: Ball
2-2: SINGLE (Line Drive, 8RS, EV 94.4 MPH)
Theodore Rencher to third
Garrett Capshaw to second
Runner from 3rd tries for Home, SAFE, throw by CF to home
Batting: RHB Angus Marvin 0-0: Called Strike
0-1: Ball
1-1: Fly out, F5 (Popup, 5SF, EV 85.6 MPH)
Batting: RHB Bobby Illsley 0-0: Foul Ball, location: 2F
0-1: Reached via error on a dropped throw from 2B, E3 (Groundball, 4, EV 100.6 MPH)
Garrett Capshaw to third
Duncan Hancock to second
Batting: RHB Bruce Biddulph 0-0: Fly out, F9 (Line Drive, 9D, EV 100.6 MPH)
Top of the 8th over - 1 run, 2 hits, 1 error, 3 left on base; Tucson 5 - Sacramento 3
BOTTOM OF THE 8TH
Sacramento River Cats batting - Pitching for Tucson Sidewinders : RHP Stan Wakefield
Pinch Hitting: SHB Scott Hill 0-0: Ball
1-0: Ball
2-0: Swinging Strike
2-1: Ball
3-1: Base on Balls
Batting: RHB Lyman Boyd 0-0: Called Strike
0-1: Foul Ball, location: 2F
0-2: Strikes out swinging
Pinch Hitting: LHB Xavier Perez 0-0: Ball
1-0: Called Strike
1-1: Foul Ball, location: 2F
1-2: Strikes out looking
Batting: RHB Hayden Gibbon 0-0: Swinging Strike
0-1: Ball
1-1: Ball
2-1: Fielders Choice at 2nd, 6-4 (Groundball, 6, EV 110.0 MPH)
Bottom of the 8th over - 0 runs, 0 hits, 0 errors, 1 left on base; Tucson 5 - Sacramento 3
TOP OF THE 9TH
Tucson Sidewinders batting - Pitching for Sacramento River Cats : LHP Archer Agueda
Now at 1B: Xavier Perez
Now in CF: Nicholas Thompson
Now in RF: Scott Hill
Batting: RHB Erwin Strandlund 0-0: Foul Ball, location: 2F
0-1: Ball
1-1: Ball
2-1: Ball
3-1: Swinging Strike
3-2: SOLO HOME RUN (Flyball, 78XD, EV 98.8 MPH), Distance : 400 ft
Batting: RHB Gaius Raton 0-0: DOUBLE (Line Drive, 3D, EV 101.9 MPH)
Batting: LHB P.T. Bailey 0-0: Ball
1-0: Foul Ball, location: 2F
1-1: Foul Ball, location: 3DF
1-2: Foul Ball, location: 25F
1-2: Ball
2-2: Strikes out swinging
Pitching: RHP Juan Rodríguez
Batting: RHB Theodore Rencher 0-0: Fly out, F9 (Flyball, 9, EV 93.8 MPH)
Batting: LHB Garrett Capshaw 0-0: Ball
1-0: Called Strike
1-1: Swinging Strike
1-2: Strikes out swinging
Top of the 9th over - 1 run, 2 hits, 0 errors, 1 left on base; Tucson 6 - Sacramento 3
BOTTOM OF THE 9TH
Sacramento River Cats batting - Pitching for Tucson Sidewinders : RHP Stan Wakefield
Batting: RHB Liam Zhiranovsky 0-0: Ground out 5-3 (Groundball, 56S, EV 91.9 MPH)
Batting: LHB Nicholas Thompson 0-0: Foul Ball, location: 3F
0-1: Foul Ball, location: 2F
0-2: Ball
1-2: Foul Ball, location: 2LF
1-2: Strikes out swinging
Batting: SHB James Lan 0-0: Swinging Strike
0-1: Ground out 6-3 (Groundball, 6, EV 88.1 MPH)
Bottom of the 9th over - 0 runs, 0 hits, 0 errors, 0 left on base; Tucson 6 - Sacramento 3
Monday, April 22nd , 2024 - OOTP Baseball 24.11 Build 85